 Dungeon Crawl Stone Soup version 0.26-a0-1164-g1a551d6a14 (webtiles) character file.

Game seed: 16224897211345217135

115 sokol815 the Sneak (level 5, -7/36 HPs)
             Began as an Octopode Delver on Dec 23, 2020.
             Killed from afar by an orc wizard (9 damage)
             ... with a magic dart
             ... on level 4 of the Dungeon.
             The game lasted 00:02:30 (585 turns).

sokol815 the Sneak (Octopode Delver)                 Turns: 585, Time: 00:02:31

Health: -7/36      AC:  1    Str: 12    XL:     5   Next: 0%
Magic:  5/5        EV: 15    Int: 12    God:
Gold:   71         SH:  0    Dex: 14    Spells: 4/4 levels left

rFire    . . .     SeeInvis .   a - +0 falchion
rCold    . . .     Faith    .   (no shield)
rNeg     . . .     Spirit   .   (helmet restricted)
rPois    .         Reflect  .   (no amulet)
rElec    .         Harm     .   (no ring)
rCorr    .         Rampage  .   (no ring)
Will     .....                  (no ring)
Stlth    ++++......             (no ring)
HPRegen  0.12/turn              (no ring)
MPRegen  0.09/turn              (no ring)
                                (no ring)
                                (no ring)

@: no status effects
A: almost no armour, stealthy swim, amphibious, 8 rings, constrict 8, camouflage
1, gelatinous body 1
a: no special abilities


You were on level 4 of the Dungeon.
You visited 1 branch of the dungeon, and saw 2 of its levels.

You collected 71 gold pieces.

Inventory:

Hand Weapons
 a - a +0 falchion (weapon)
Missiles
 h - 18 sling bullets
 l - 23 stones (quivered)
Wands
 f - a wand of digging (3)
Scrolls
 b - a scroll of fog
 c - a scroll of magic mapping {!r}
 d - a scroll of fear
 i - 3 scrolls of immolation {unknown}
 j - 2 scrolls of identify {unknown}
 k - a scroll of blinking {unknown}
Potions
 e - a potion of haste
 g - a potion of degeneration {unknown}


   Skills:
 - Level 3.0 Fighting
 + Level 3.7 Long Blades
 + Level 3.7 Dodging
 - Level 6.6 Stealth


You had 4 spell levels left.
You didn't know any spells.
Your spell library was empty.

Dungeon Overview and Level Annotations

Branches:
Dungeon (5/15)
 Temple: D:4-7

Altars:

Annotations:
D:4 exclusions: downstairs, giant cockroach and scorpion
D:5 exclusion: worker ant


Innate Abilities, Weirdness & Mutations

You cannot wear most types of armour.
You are very stealthy in the water. (Stealth+)
You are amphibious.
You can wear up to eight rings at the same time.
You can use your tentacles to constrict eight enemies at once.
Your skin changes colour to match your surroundings (Stealth+).
Your rubbery body absorbs attacks. (AC +1, EV +1)


Message History

You now have 55 gold pieces (gained 11).
You now have 71 gold pieces (gained 16).
You open the door.
There is an open door here.
A scorpion comes into view.
Here: a scorpion (asleep)
The floor.
There is an open door here.
There are monsters nearby!
Here: a giant cockroach (asleep)
An escape hatch in the floor.
There is a stone staircase leading down here.
You open the door.
There is an open door here. 3 orcs and an orc wizard come into view.
The helpless orc fails to defend itself.
You hit the orc. You grab the orc. You constrict the orc.
The orc escapes!
You barely miss the orc. Your grab misses the orc. The orc misses you.
You riposte.
You hit the orc but do no damage. Your grab misses the orc. You hit the orc.
Your grab misses the orc. The orc hits you with a +0 dagger.
You take 4 damage, and have 22/26 hp.
You hit the orc but do no damage. You grab the orc. You squeeze the orc.
You kill the orc!
The orc wizard shouts!
The orc shouts!
You barely miss the orc wizard. Your grab misses the orc wizard.
You hear a shout!
The orc wizard barely misses you.
You hit the orc wizard but do no damage.
You grab the orc wizard. You constrict the orc wizard.
The orc wizard closely misses you. The orc wizard casts a spell at you.
The magic dart hits you!
You take 7 damage, and have 15/26 hp.
MASSIVE DAMAGE!!
You slash the orc wizard! You constrict the orc wizard.
The orc wizard barely misses you. The orc misses you.
You riposte.
You hit the orc. Your grab misses the orc. You squeeze the orc.
You kill the orc!
You hit the orc wizard.
You kill the orc wizard!
You have reached level 4!
You regained 3 hp, and now have 19/31 hp.
MP restored: 4 You closely miss the orc.
Your grab misses the orc. The orc closely misses you.
You riposte.
You hit the orc but do no damage. You grab the orc. You hit the orc.
You kill the orc!
Things that are here:
a +0 flail; a cursed -3 dagger; a +0 robe
Okay, then.
There is an open door here.
The orc shouts!
You hear a shout!
You close the door.
You hit the orc but do no damage. Your grab misses the orc.
You squeeze the orc. The orc hits you with a +0 hand axe.
The orc barely misses you.
You take 3 damage, and have 17/31 hp.
You closely miss the orc. You grab the orc. You constrict the orc.
You kill the orc!
An orc priest opens the door.
The orc priest misses you.
You barely miss the orc priest. You grab the orc priest.
You constrict the orc priest, but do no damage.
The orc priest calls down the wrath of Beogh upon you.
You barely resist.
You hit the orc priest but do no damage.
You constrict the orc priest. The orc priest closely misses you.
You riposte.
You hit the orc priest but do no damage.
You squeeze the orc priest, but do no damage.
You slash the orc priest! You constrict the orc priest.
The orc priest barely misses you.
You hit the orc priest but do no damage.
You constrict the orc priest. The orc priest barely misses you.
You hit the orc priest. You constrict the orc priest.
The orc priest invokes the aid of Beogh against you.
Beogh smites you!
* * * LOW HITPOINT WARNING * * *
The orc wizard gestures at you while chanting.
The magic dart hits you.
* * * LOW HITPOINT WARNING * * *
You take 14 damage, and have 4/31 hp.
MASSIVE DAMAGE!!
You hit the orc priest.
You kill the orc priest!
The orc wizard casts a spell at you. The magic dart hits you.
* * * LOW HITPOINT WARNING * * *
You have reached level 5!
You feel stronger.
You take 3 damage, and have 1/36 hp.
MP restored: 5 The orc wizard casts a cantrip, but nothing happens.
There is an open door here.
Things that are here:
a +0 falchion; a +0 leather armour The orc wizard points at you and mumbles some strange words.
The puff of flame misses you. The orc wizard casts a spell at you.
The magic dart hits you!
You die...

#######.# # ##.#.### #.# #
.. ..(...# #.# # #.# #.....#
#.# # #.###.....# #.# #
#######..##.....# #.# #
#.$............# #.# #
....≈..........# #.# #
#....⌠≈......@.# ######.#
#...≈≈≈).......# #......#
.#....)#......######......#
...#.##.#..................#
.. #.###)#.#.#.........## .
#.# #.#.#.#.........# #o#
#...#.##........# #.#
##.o#.####.....## #.#
#.>#'##########


You could see an orc wizard.

Vanquished Creatures
  An orc priest (D:4)
  A bullfrog skeleton (D:5)
  An orc wizard (D:4)
  An adder (D:5)
  A shadow imp (D:5)
  5 orcs
  A giant cockroach (D:5)
  A ball python (D:5)
  A frilled lizard (D:5)
13 creatures vanquished.

Vanquished Creatures (others)
  4 plants (D:5)
4 creatures vanquished.

Grand Total: 17 creatures vanquished

Notes
Turn   | Place    | Note
-------+----------+-------------------------------------------
     0 | D:5      | sokol815 the Octopode Delver began the quest for the Orb.
     0 | D:5      | Reached XP level 1. HP: 16/16 MP: 1/1
    86 | D:5      | Noticed a worker ant
   148 | D:5      | Reached XP level 2. HP: 15/21 MP: 2/2
   274 | D:5      | Reached skill level 3 in Long Blades
   274 | D:5      | Reached skill level 3 in Dodging
   274 | D:5      | Reached XP level 3. HP: 26/26 MP: 3/3
   356 | D:5      | Noticed a phantom
   442 | D:4      | Noticed a scorpion
   560 | D:4      | Reached XP level 4. HP: 19/31 MP: 4/4
   579 | D:4      | HP: 4/31 [orc wizard/magic dart (4)]
   580 | D:4      | HP: 1/31 [orc wizard/magic dart (3)]
   581 | D:4      | Reached XP level 5. HP: 1/36 MP: 5/5
   585 | D:4      | Killed from afar by an orc wizard

Illustrated notes

Levels and vault maps discovered:
D:4:      layout_basic, corexii_leaking_fountain
D:5:      wad_lake_hut, layout_cave_pools

Skill      XL: |  1  2 |
---------------+-------+-----
Long Blades    | 3 |  3.7
Dodging        | 3 |  3.7
Fighting       | |  3.0
Stealth        | |  6.6

Action                   |  1- 3 |  4- 6 || total
-------------------------+-------+-------++-------
Melee: Falchion          |    21 |    10 ||    31
       Constrict         |     9 |     3 ||    12
       Tentacles         |     7 |     2 ||     9
 Stab: Sleeping          |     4 |       ||     4
Dodge: Dodged            |    14 |     7 ||    21
       Rpst.: Falchion   |     7 |     2 ||     9

Table legend: (Time is in decaauts)
 A = Elapsed time spent in this place.
 B = Non-inter-level travel time spent in this place.
 C = Inter-level travel time spent in this place.
 D = Time resting spent in this place.
 E = Time spent auto-exploring this place.
 F = Levels seen in this place.
 G = Mean time per level.
                   A        B        C        D        E       F      G
               +--------+--------+--------+--------+--------+-----+--------+
         Total |    589 |    589 |      0 |    130 |    233 |   2 |  294.5 |
       Dungeon |    589 |    589 |      0 |    130 |    233 |   2 |  294.5 |
               +--------+--------+--------+--------+--------+-----+--------+

Top non-repeatable levels by time:
     D:5: 372 daAuts
     D:4: 217 daAuts

Table legend:
 A = Kills in this place as a percentage of kills in entire the game.
 B = Kills by you in this place as a percentage of kills by you in the entire game.
 C = Kills by friends in this place as a percentage of kills by friends in the entire game.
 D = Other kills in this place as a percentage of other kills in the entire game.
 E = Experience gained in this place as a percentage of experience gained in the entire game.
 F = Experience gained in this place divided by the number of levels of this place that you have seen.
                   A       B       C       D       E      F
               +-------+-------+-------+-------+-------+----------------------
         Total | 100.0 | 100.0 |   N/A |   N/A | 100.0 |  82.5
       Dungeon | 100.0 | 100.0 |   N/A |   N/A | 100.0 |  82.5
               +-------+-------+-------+-------+-------+----------------------
